 Dungeon Crawl Stone Soup version 0.21.1-1-g345015f (webtiles) character file.

8507 wojtek the Cleaver (level 11, -8/94 (95) HPs)
             Began as a Minotaur Fighter on July 21, 2018.
             Was a Priest of Makhleb.
             Killed from afar by Erolcha (19 damage)
             ... with a bolt of lightning
             ... on level 10 of the Dungeon.
             The game lasted 00:11:02 (9283 turns).

wojtek the Cleaver (Minotaur Fighter)               Turns: 9283, Time: 00:11:03

HP:   -8/94 (95)    AC: 13    Str: 25    XL:     11   Next: 10%
MP:   15/15         EV: 12    Int:  5    God:    Makhleb [***...]
Gold: 512           SH: 11    Dex: 11    Spells: 10/10 levels left

rFire    . . .     SeeInvis .   a - +1 war axe (elec)
rCold    . . .     Gourm    .   c - +0 shield
rNeg     . . .     Faith    .   h - +0 chain mail
rPois    .         Spirit   .   H - +2 hat
rElec    .         Reflect  .   (no cloak)
rCorr    .         Harm     .   (no gloves)
MR       .....                  (no boots)
Stlth    ..........             (no amulet)
HPRegen  0.25/turn              B - +2 ring of dexterity
MPRegen  0.14/turn              n - +2 ring of evasion

@: no status effects
A: retaliatory headbutt, horns 2
a: Minor Destruction, Lesser Servant of Makhleb, Renounce Religion


You were on level 10 of the Dungeon.
You worshipped Makhleb.
Makhleb was most pleased with you.
You were not hungry.

You visited 2 branches of the dungeon, and saw 11 of its levels.

You collected 512 gold pieces.

Inventory:

Hand Weapons
 a - a +1 war axe of electrocution (weapon)
 o - a cursed -3 hand axe
 N - a +0 war axe
Missiles
 t - a throwing net (quivered)
Armour
 c - a +0 shield (worn)
 h - a +0 chain mail (worn)
 H - a +2 hat (worn)
Jewellery
 i - an uncursed ring of protection from magic
 n - a +2 ring of evasion (right hand)
 B - a +2 ring of dexterity (left hand)
 K - an uncursed ring of protection from cold {unknown}
 Q - an uncursed amulet of guardian spirit {unknown}
Wands
 v - a wand of acid (12)
 C - a wand of digging (4)
 G - a wand of paralysis (12)
 M - a wand of flame (28)
 R - a wand of iceblast (5)
Scrolls
 b - 5 scrolls of identify
 j - 4 scrolls of enchant weapon
 m - 2 scrolls of immolation
 p - a scroll of magic mapping {unknown}
 r - a scroll of noise {unknown}
 s - a scroll of remove curse
 u - a scroll of enchant armour {unknown}
 w - 2 scrolls of fear {unknown}
 y - 3 scrolls of teleportation
 E - 2 scrolls of amnesia {unknown}
 I - a scroll of blinking {unknown}
 L - a scroll of holy word {unknown}
Potions
 d - a potion of might
 e - 6 potions of curing {unknown}
 g - 3 potions of flight {unknown}
 k - 2 potions of invisibility {unknown}
 l - a potion of heal wounds {unknown}
 q - 2 potions of degeneration {unknown}
 x - a potion of berserk rage {unknown}
 z - 4 potions of haste {unknown}
 D - a potion of cancellation {unknown}
 F - 2 potions of brilliance {unknown}
 P - a potion of mutation {unknown}
Books
 A - a book of Misfortune

   Spells                             Type                      Level
   a - Confusing Touch                Hexes                        1
   b - Confuse                        Hexes                        3
   c - Gell's Gravitas                Translocation                3
   d - Petrify                        Transmutation/Earth          4
   e - Metabolic Englaciation         Hexes/Ice                    5
   f - Yara's Violent Unravelling     Hexes/Transmutation          5
 J - a book of Conjurations

   Spells                             Type                      Level
   a - Magic Dart                     Conjuration                  1
   b - Searing Ray                    Conjuration                  2
   c - Dazzling Spray                 Conjuration/Hexes            3
   d - Fulminant Prism                Conjuration/Hexes            4
   e - Force Lance                    Conjuration/Translocation    4
   f - Iskenderun's Mystic Blast      Conjuration                  4
 O - a book of Callings

   Spells                             Type                      Level
   a - Summon Small Mammal            Summoning                    1
   b - Call Imp                       Summoning                    2
   c - Call Canine Familiar           Summoning                    3
   d - Summon Guardian Golem          Hexes/Summoning              3
   e - Summon Lightning Spire         Summoning/Air                4
   f - Summon Ice Beast               Ice/Summoning                4
 S - a book of Air

   Spells                             Type                      Level
   a - Shock                          Conjuration/Air              1
   b - Swiftness                      Charms/Air                   2
   c - Static Discharge               Conjuration/Air              3
   d - Airstrike                      Air                          4
   e - Lightning Bolt                 Conjuration/Air              5
Comestibles
 f - 20 rations
 T - 8 chunks of flesh


   Skills:
 + Level 8.5 Fighting
 + Level 11.3 Axes
 + Level 8.5 Armour
 + Level 6.8 Dodging
 + Level 8.5 Shields
 * Level 6.9 Invocations


You had 10 spell levels left.
You didn't know any spells.

Dungeon Overview and Level Annotations

Branches:
Dungeon (10/15)            Temple (1/1) D:7             Orc (0/2) D:10
   Lair: D:8-11

Altars:
Ashenzari
Cheibriados
Dithmenos
Elyvilon
Fedhas
Gozag
Hepliaklqana
Kikubaaqudgha
Makhleb
Nemelex Xobeh
Okawaru
Qazlal
Ru
Sif Muna
Trog
Uskayaw
Vehumet
Wu Jian
Xom
Yredelemnul
Zin
The Shining One

Shops:
D:3 *

Annotations:
D:10 Erolcha


Innate Abilities, Weirdness & Mutations

You reflexively headbutt those who attack you in melee.
You have a pair of horns on your head.


Message History

You hit the orc but do no damage. Lightning courses through the orc!
You kill the orc!
Makhleb accepts your kill.
You feel better. Erolcha casts a spell at you. The bolt of lightning hits you!
* * * LOW HITPOINT WARNING * * *
The bolt of lightning hits you!
* * * LOW HITPOINT WARNING * * *
You slash Erolcha! Lightning courses through Erolcha!
Your headbutt misses Erolcha.
Erolcha is almost dead.
Erolcha casts a spell at you. The stone arrow misses you.
You hit Erolcha but do no damage.
Erolcha is almost dead.
Erolcha tries to grin evilly.
Erolcha gestures at you while chanting. The bolt of lightning misses you.
The bolt of lightning hits you!
You die...

........##....#
..............#
................
##......................
........................
....)...................
....##..........O.......
....##..........@)......
........................
........................
...).##.[......###......
##)))##)................
#().())....(...........
#....(.......(......##.
#.............##....#
#.............# .....


You could see Erolcha.

Vanquished Creatures
  Erica (D:10)
  2 two-headed ogres
  Pikel (D:9)
  The ghost of Exporg the Cleaver, a novice MiFi (D:9)
  The ghost of lorenzova the Thaumaturge, a novice DECj of Vehumet (D:8)
  The ghost of Ymberto the Transmogrifier, a novice NaTm of Okawaru (D:5)
  A spriggan (D:7)
  A wyvern (D:8)
  Menkaure (D:7)
  A warg (D:10)
  Duvessa (D:7)
  A porcupine (D:10)
  4 orc warriors
  2 sky beasts
  8 ogres
  A necrophage (D:6)
  3 centaurs
  3 bullfrogs
  Dowan (D:7)
  A water moccasin skeleton (D:7)
  4 scorpions
  8 wights (D:8)
  7 crimson imps
  6 hounds
  2 bullfrog skeletons
  A gnoll shaman (D:7)
  10 orc priests
  A jelly (D:8)
  14 orc wizards
  An iguana (D:7)
  5 worker ants
  2 hound zombies
  A hound skeleton (D:8)
  13 gnolls
  10 adders
  3 shadow imps
  2 oozes
  An adder skeleton (D:4)
  An adder zombie (D:10)
  A worm (D:2)
  7 dart slugs
  5 leopard geckos
  32 orcs
  3 ball pythons
  7 bats
  9 giant cockroaches
  8 goblins
  7 hobgoblins
  9 jackals
  7 quokkas
  4 frilled lizards
  14 kobolds
  A leopard gecko skeleton (D:6)
  3 quokka zombies
  22 rats
  A plant (D:7)
268 creatures vanquished.

Vanquished Creatures (others)
  A sky beast (D:9)
  A shadow imp (D:9)
  6 fungi (D:10)
  2 plants (D:10)
10 creatures vanquished.

Grand Total: 278 creatures vanquished

Notes
Turn   | Place    | Note
-------+----------+-------------------------------------------
     0 | D:1      | wojtek the Minotaur Fighter began the quest for the Orb.
     0 | D:1      | Reached XP level 1. HP: 19/19 MP: 0/0
    28 | D:1      | Reached skill level 3 in Axes
    67 | D:1      | Reached XP level 2. HP: 26/26 MP: 1/1
   387 | D:1      | Reached skill level 4 in Axes
   522 | D:1      | Reached XP level 3. HP: 31/31 MP: 2/2
   809 | D:2      | Found a sacrificial altar of Ru.
   823 | D:2      | Reached skill level 5 in Axes
   890 | D:2      | Reached XP level 4. HP: 34/39 MP: 3/3
   902 | D:2      | Reached skill level 6 in Axes
  1592 | D:3      | Reached XP level 5. HP: 44/45 MP: 4/4
  1630 | D:3      | Reached skill level 7 in Axes
  1794 | D:3      | Found Zin's Purification Station.
  1797 | D:3      | Found a glowing silver altar of Zin.
  1990 | D:3      | Reached XP level 6. HP: 50/51 MP: 5/5
  2358 | D:4      | Reached skill level 8 in Axes
  3065 | D:4      | Reached skill level 1 in Dodging
  3065 | D:4      | Reached XP level 7. HP: 58/58 MP: 6/6
  3599 | D:5      | Entered Level 5 of the Dungeon
  3722 | D:5      | Noticed Ymberto's ghost (novice NaTm)
  3749 | D:5      | Killed Ymberto's ghost
  3749 | D:5      | Reached skill level 9 in Axes
  4021 | D:5      | Found a hazy altar of Hepliaklqana.
  4323 | D:6      | Reached XP level 8. HP: 67/67 MP: 7/7
  4365 | D:6      | Reached skill level 5 in Fighting
  4365 | D:6      | Reached skill level 5 in Armour
  4365 | D:6      | Reached skill level 5 in Shields
  4372 | D:6      | Found a deep blue altar of Sif Muna.
  5690 | D:7      | Found a staircase to the Ecumenical Temple.
  5709 | Temple   | Entered the Ecumenical Temple
  5845 | Temple   | Became a worshipper of Makhleb the Destroyer
  5869 | D:7      | Noticed Duvessa
  5885 | D:7      | Killed Duvessa
  5885 | D:7      | Reached skill level 1 in Invocations
  5904 | D:7      | Noticed Dowan
  5913 | D:7      | Killed Dowan
  5913 | D:7      | Reached XP level 9. HP: 61/74 MP: 8/8
  6256 | D:7      | Reached skill level 10 in Axes
  6488 | D:7      | Reached * piety under Makhleb
  6949 | D:7      | Noticed Menkaure
  6953 | D:7      | Killed Menkaure
  6953 | D:7      | Reached skill level 5 in Dodging
  7031 | D:8      | Noticed lorenzova's ghost (novice DECj)
  7039 | D:8      | Killed lorenzova's ghost
  7150 | D:8      | Reached XP level 10. HP: 60/85 MP: 12/12
  7281 | D:8      | Noticed a two-headed ogre
  7290 | D:8      | Killed a two-headed ogre
  7290 | D:8      | Reached ** piety under Makhleb
  7290 | D:8      | Reached skill level 5 in Invocations
  8290 | D:9      | Noticed Exporg's ghost (novice MiFi)
  8298 | D:9      | Killed Exporg's ghost
  8365 | D:9      | Noticed a two-headed ogre
  8376 | D:9      | Killed a two-headed ogre
  8376 | D:9      | Reached skill level 11 in Axes
  8393 | D:9      | Noticed Pikel
  8429 | D:9      | Killed Pikel
  9070 | D:10     | Entered Level 10 of the Dungeon
  9088 | D:10     | Noticed Erica
  9097 | D:10     | Killed Erica
  9097 | D:10     | Reached XP level 11. HP: 35/94 MP: 13/15
  9103 | D:10     | Reached *** piety under Makhleb
  9260 | D:10     | Found a staircase to the Orcish Mines.
  9274 | D:10     | Noticed Erolcha
  9283 | D:10     | Killed from afar by Erolcha

Skill      XL: |  1  2  3  4  5  6  7  8  9 10 |
---------------+-------------------------------+-----
Axes           | 3 4 5 6 7 8 9 10 11 | 11.3
Dodging        | 1 2 4 5 6 |  6.8
Fighting       | 4 6 7 8 |  8.5
Armour         | 4 6 7 8 |  8.5
Shields        | 4 6 7 8 |  8.5
Invocations    | 1 4 6 |  6.9

Action                   |  1- 3 |  4- 6 |  7- 9 | 10-12 || total
-------------------------+-------+-------+-------+-------++-------
Melee: War axe           |    76 |   200 |   343 |   171 ||   790
       Headbutt          |    10 |    21 |    62 |    41 ||   134
Evoke: Wand              |       |       |       |     1 ||     1
  Use: Scroll            |       |       |       |     6 ||     6
  Eat: Chunk             |       |     7 |    14 |     7 ||    28
Armor: Chain mail        |    39 |    89 |   119 |    38 ||   285
Dodge: Dodged            |    12 |    31 |    83 |    49 ||   175
Block: Shield            |    36 |    89 |   159 |    92 ||   376
